 Dungeon Crawl Stone Soup version 0.27-a0-607-g1ad3dbde53 (webtiles) character file.

Game seed: 10571769285111847810

137 Allula97 the Covered (level 5, -4/41 HPs)
             Began as a Demonspawn Fighter on Mar 13, 2021.
             Slain by Grinder (11 damage)
             ... on level 3 of the Dungeon.
             The game lasted 00:06:58 (3785 turns).

Allula97 the Covered (Demonspawn Fighter)           Turns: 3785, Time: 00:06:59

Health: -4/41      AC:  4    Str: 22    XL:     5   Next: 0%
Magic:  6/6        EV:  9    Int: 10    God:
Gold:   103        SH:  9    Dex: 13    Spells: 3/5 levels left

rFire    . . .     SeeInvis .   f - +2 dagger (pain)
rCold    . . .     Faith    .   c - +0 kite shield
rNeg     . . .     Spirit   .   p - +2 robe {Will+}
rPois    +         Reflect  .   (no helmet)
rElec    .         Harm     .   (no cloak)
rCorr    .         Rampage  .   (no gloves)
Will     +....                  (no boots)
Stlth    ++........             (no amulet)
HPRegen  0.13/turn              m - +6 ring of strength
MPRegen  0.10/turn              d - ring of poison resistance

@: hasted, very quick
A: ignite blood 1, demonic magic 1
a: no special abilities


You were on level 3 of the Dungeon.
You visited 1 branch of the dungeon, and saw 3 of its levels.

You collected 103 gold pieces.

Inventory:

Hand Weapons
 f - a +2 dagger of pain (weapon)
Armour
 c - a +0 kite shield (worn)
 p - a +2 robe of willpower (worn)
Jewellery
 d - a ring of poison resistance (left hand)
 m - a +6 ring of strength (right hand)
Scrolls
 a - a scroll of enchant weapon {unknown}
 e - 2 scrolls of fear {unknown}
 h - 4 scrolls of teleportation
 j - 2 scrolls of identify
 k - a scroll of fog
 l - a scroll of amnesia {unknown}
 o - a scroll of magic mapping {unknown}
Potions
 b - a potion of heal wounds {unknown}
 g - 2 potions of lignification
 n - a potion of degeneration {unknown}
 q - a potion of attraction {unknown}


   Skills:
 * Level 3.3 Fighting
 * Level 1.0 Short Blades
 - Level 1.7 Axes
 * Level 3.4 Armour
 * Level 1.0 Dodging
 * Level 1.1 Stealth
 * Level 3.3 Shields
 * Level 0.8 Spellcasting
 * Level 1.3 Necromancy


You had 3 spell levels left.
You knew the following spells:

 Your Spells              Type           Power      Damage    Failure   Level
a - Ensorcelled Hibernat  Hex/Ice        0%         N/A       94%         2

Your spell library contained the following spells:

 Spells                   Type           Power      Damage    Failure   Level
 Corona                   Hex            0%         N/A       85%         1
 Confusing Touch          Hex            0%         N/A       99%         3
 Dazzling Flash           Conj/Hex       0%         N/A       99%         3
 Tukima's Dance           Hex            0%         N/A       99%         3


Dungeon Overview and Level Annotations

Branches:
Dungeon (3/15)

Altars:
Elyvilon
Gozag

Annotations:
D:1 DIG
D:3 Grinder


Innate Abilities, Weirdness & Mutations

Your demonic aura sometimes causes spilled blood to erupt in flames Spells you cast may paralyse adjacent enemies.


Message History

You block Grinder's attack.
You hit Grinder.
Grinder is moderately wounded.
Grinder hits you.
You hit Grinder.
Grinder is moderately wounded.
Grinder gestures at you. You resist with some effort.
You hit Grinder.
Grinder is moderately wounded.
Grinder gestures at you. You resist with some effort.
You hit Grinder.
Grinder is heavily wounded.
You closely miss Grinder.
Grinder is heavily wounded.
Grinder hits you.
You writhe in agony.
You hit Grinder.
Grinder is heavily wounded.
You block Grinder's attack.
You hit Grinder.
Grinder is heavily wounded.
Grinder says, "Mostly I couldn't keep them alive."
Grinder blinks!
You hit Grinder.
Grinder is heavily wounded.
Grinder gestures at you. Pain shoots through your body!
* * * LOW HITPOINT WARNING * * *
You hit Grinder.
Grinder is severely wounded.
Grinder hits you.
* * * LOW HITPOINT WARNING * * *
You hit Grinder.
Grinder is severely wounded.
You block Grinder's attack.
You hit Grinder but do no damage.
Grinder is severely wounded.
Grinder hits you!
You die...

#....##.######..# #.#
#.##.##........># #.#
#.##.##.#######+## #.#
#.......# ##...## #.#
#..#.#### ##.....## #.##
#..#..## ##.......## #..##
#......####.........####...###
..........+.....5...'........#
##.#...####.....@...##<#...#.#
#.##.## ##..)....###.#..##.#
#.#### ##.....## #.#..##.# #.#
##...## #.##.##.# #.# ##+##
#.##.##.# #.# #. #.##.##.#
#.##### #.######.......#
#.....## ##......####.####
####...## ##............#


You could see Grinder.

Vanquished Creatures
  3 gnolls (D:2)
  6 adders
  2 worms (D:2)
  2 leopard geckos
  4 orcs (D:3)
  3 giant cockroaches (D:3)
  6 goblins
  2 hobgoblins
  2 jackals (D:2)
  3 kobolds
  5 bats
  6 rats
44 creatures vanquished.

Notes
Turn   | Place    | Note
-------+----------+-------------------------------------------
     0 | D:1      | Allula97 the Demonspawn Fighter began the quest for the
                  | Orb.
     0 | D:1      | Reached XP level 1. HP: 18/18 MP: 1/1
   324 | D:1      | Gained mutation: Spells you cast may paralyse adjacent
                  | enemies. [demonic ancestry]
   324 | D:1      | Reached XP level 2. HP: 24/24 MP: 2/2
  1156 | D:2      | Gained mutation: Your demonic aura sometimes causes spilled
                  | blood to erupt in flames [demonic ancestry]
  1156 | D:2      | Reached XP level 3. HP: 24/29 MP: 3/3
  1722 | D:2      | Reached skill level 1 in Necromancy
  1734 | D:2      | Reached XP level 4. HP: 12/35 MP: 4/4
  2286 | D:2      | Reached skill level 1 in Dodging
  2447 | D:2      | Reached skill level 1 in Short Blades
  2688 | D:3      | Found an opulent altar of Gozag.
  2724 | D:3      | Reached skill level 1 in Stealth
  3726 | D:3      | Reached XP level 5. HP: 41/41 MP: 6/6
  3729 | D:3      | Learned a level 2 spell: Ensorcelled Hibernation
  3759 | D:3      | Noticed Grinder
  3785 | D:3      | Slain by Grinder

Illustrated notes

Levels and vault maps discovered:
D:1:      amcnicky_arrival_blooded_trapdoor, layout_basic, minmay_hedge_maze,
          minmay_statues_item
D:2:      layout_loops_ring, marbit_many_paths, st_stairs_5, roderic_lattice_a
D:3:      layout_loops_corners, lemuel_tele_altar, uniq_grinder,
          uniq_crazy_yiuf_cottage

Skill      XL: |  1  2  3  4 |
---------------+-------------+-----
Armour         | 3 |  3.4
Shields        | 3 |  3.3
Necromancy     | 1 |  1.3
Dodging        | 1 |  1.0
Short Blades   | 1 |  1.0
Stealth        | 1 |  1.1
Fighting       | |  3.3
Axes           | |  1.7
Spellcasting   | |  0.8

Action                   |  1- 3 |  4- 6 || total
-------------------------+-------+-------++-------
Melee: Dagger            |   115 |   123 ||   238
       War axe           |     1 |       ||     1
  Use: Potion            |     1 |     1 ||     2
       Scroll            |       |     3 ||     3
Armor: Scale mail        |    14 |       ||    14
       Ring mail         |    34 |     7 ||    41
       Robe              |       |    14 ||    14
Dodge: Dodged            |    32 |    36 ||    68
Block: Kite shield       |    68 |    48 ||   116

Table legend: (Time is in decaauts)
 A = Elapsed time spent in this place.
 B = Non-inter-level travel time spent in this place.
 C = Inter-level travel time spent in this place.
 D = Time resting spent in this place.
 E = Time spent auto-exploring this place.
 F = Levels seen in this place.
 G = Mean time per level.
                   A        B        C        D        E       F      G
               +--------+--------+--------+--------+--------+-----+--------+
         Total |   3827 |   3692 |    135 |    197 |   2838 |   3 | 1275.7 |
       Dungeon |   3827 |   3692 |    135 |    197 |   2838 |   3 | 1275.7 |
               +--------+--------+--------+--------+--------+-----+--------+

Top non-repeatable levels by time:
     D:2: 1925 daAuts
     D:3: 1162 daAuts
     D:1: 739 daAuts
